 Dungeon Crawl Stone Soup version 0.19.3 (webtiles) character file.

3782 Jynx the Firebug (level 9, -7/57 HPs)
             Began as a Demonspawn Fire Elementalist on Jan 22, 2017.
             Was a Believer of Vehumet.
             Mangled by a dream sheep (29 damage)
             ... on level 8 of the Dungeon on Jan 23, 2017.
             The game lasted 00:28:48 (9525 turns).

Jynx the Firebug (Demonspawn Fire Elementalist)     Turns: 9525, Time: 00:28:49

Health: -7/57      AC:  5    Str:  8    XL:     9   Next: 95%
Magic:  0/16       EV: 15    Int: 19    God:    Vehumet [**....]
Gold:   364        SH:  0    Dex: 15    Spells: 3 memorised, 10 levels left

rFire  . . .     SeeInvis .     g - +1 dagger
rCold  . . .     Gourm    .     a - +1 robe
rNeg   . . .     Faith    .     (no shield)
rPois  .         Spirit   .     (helmet restricted)
rElec  .         Reflect  .     C - +0 cloak
rCorr  +         Harm     .     y - +0 pair of gloves
MR     .....                    (no boots)
Stlth  ++++++....               s - amulet of regeneration
                                (no ring)
                                n - ring of resist corrosion

@: very slightly contaminated
A: horns 1, nightstalker 3, sturdy frame 2
a: Renounce Religion


You were on level 8 of the Dungeon.
You worshipped Vehumet.
Vehumet was pleased with you.
You were hungry.

You visited 2 branches of the dungeon, and saw 9 of its levels.

You collected 364 gold pieces.

Inventory:

Hand Weapons
 g - a +1 dagger (weapon)
Armour
 a - a +1 robe (worn)
 y - a +0 pair of gloves (worn)
 C - a +0 cloak (worn)
Jewellery
 n - a ring of resist corrosion (left hand)
 s - an amulet of regeneration (around neck)
Wands
 t - a wand of lightning (12/15)
Scrolls
 j - a scroll of enchant armour
 k - 4 scrolls of remove curse
 m - a scroll of recharging
 q - 3 scrolls of identify
 r - 6 scrolls of enchant weapon
 v - a scroll of random uselessness {unknown}
 x - a scroll of teleportation {unknown}
 A - a scroll of fear
 B - 2 scrolls of amnesia {unknown}
Potions
 d - a potion of heal wounds
 e - 5 potions of curing
 h - a potion of mutation {unknown}
 i - 2 potions of degeneration
 p - a potion of might {unknown}
Books
 b - a book of Flames

   Spells                             Type                      Level
   a - Flame Tongue                   Conjuration/Fire             1
   b - Throw Flame                    Conjuration/Fire             2
   c - Conjure Flame                  Conjuration/Fire             3
   d - Inner Flame                    Hexes/Fire                   3
   e - Sticky Flame                   Conjuration/Fire             4
   f - Fireball                       Conjuration/Fire             5
 o - a book of Maledictions

   Spells                             Type                      Level
   a - Corona                         Hexes                        1
   b - Ensorcelled Hibernation        Hexes/Ice                    2
   c - Confuse                        Hexes                        3
   d - Tukima's Dance                 Hexes                        3
   e - Dazzling Spray                 Conjuration/Hexes            3
 z - a book of Misfortune

   Spells                             Type                      Level
   a - Confusing Touch                Hexes                        1
   b - Confuse                        Hexes                        3
   c - Gell's Gravitas                Hexes/Translocation          3
   d - Petrify                        Transmutation/Earth          4
   e - Metabolic Englaciation         Hexes/Ice                    5
   f - Yara's Violent Unravelling     Hexes/Transmutation          5
Comestibles
 c - 5 bread rations
 l - 5 meat rations
 u - 4 fruits
 w - a chunk of flesh


   Skills:
 + Level 4.2 Short Blades
 + Level 5.3 Dodging
 + Level 5.8 Stealth
 + Level 5.1 Spellcasting
 + Level 5.7 Conjurations
 * Level 7.6 Fire Magic


You had 10 spell levels left.
You knew the following spells:

 Your Spells              Type           Power        Failure   Level  Hunger
a - Flame Tongue          Conj/Fire      ####.        1%          1    None
b - Conjure Flame         Conj/Fire      ####....     2%          3    ##.....
c - Sticky Flame          Conj/Fire      ####....     12%         4    ####...


Dungeon Overview and Level Annotations

Branches:
Dungeon (8/15)             Temple (1/1) D:5
   Lair: D:8-11

Altars:
Ashenzari
Cheibriados
Elyvilon
Fedhas
Hepliaklqana
Nemelex Xobeh
Okawaru
Qazlal
Ru
Sif Muna
Trog
Uskayaw
Vehumet
Yredelemnul
Zin
The Shining One

Annotations:
D:2 Sigmund


Innate Abilities, Weirdness & Mutations

You have a pair of small horns on your head.
You are completely attuned to the shadows.
Your movements are less encumbered by armour. (ER -4)


Message History

The dream sheep is covered in liquid flames!
The dream sheep burns!
The yak burns!
You kill the yak!
Vehumet accepts your kill. The dream sheep closely misses you.
You hit the dream sheep.
You headbutt the dream sheep, but do no damage.
The dream sheep is moderately wounded.
The dream sheep burns!
A dream sheep catches fire!
The dream sheep panics and turns to flee.
The dream sheep burns!
You barely miss the dream sheep.
You headbutt the dream sheep, but do no damage.
The dream sheep is heavily wounded.
The dream sheep burns! x2
The dream sheep shake their wool and sparkle.
You feel drowsy...
You fall asleep.
The big kobold throws a stone.
The stone barely misses you.
The dream sheep burns! x2; The dream sheep bites you!!
You wake up.
Ouch! That really hurt!
You die...

##### #..##'######
#......# #......#
#......# #######....#
##+
#.%...###.#########
...
'.%..≈###.#..#.....#
...
'.P%.Y#Y...........#
...
'....K).@(.........#
...
#.....#.....##.....#
...
#P≈P.≈####..##.....#
#..
#≈≈≈≈P####..##).)..#
..
+.P≈PP#......'.....#
#......#.....#
###########'##########
.....>...............#
.....................#


You could see a big kobold and 2 dream sheep.

Vanquished Creatures
  Grinder (D:3)
  A hippogriff (D:8)
  Prince Ribbit (D:7)
  A yak (D:8)
  The ghost of Boing the Sneak, an amateur SpEn (D:4)
  A water moccasin (D:7)
  An orc warrior (D:7)
  3 phantoms
  3 sky beasts
  2 ice beasts
  3 ogres
  3 centaurs
  2 big kobolds
  2 bullfrogs (D:7)
  A scorpion (D:6)
  A water moccasin skeleton (D:7)
  5 howler monkeys
  A crimson imp (D:6)
  2 hounds
  2 jellies (D:7)
  5 orc wizards
  4 orc priests
  Crazy Yiuf (D:7)
  A centaur skeleton (D:4)
  8 worker ants
  A hound zombie (D:7)
  A hound skeleton (D:6)
  4 gnolls (D:3)
  6 adders
  2 shadow imps
  3 oozes
  2 adder skeletons
  An adder zombie (D:6)
  2 worms
  6 leopard geckos
  23 orcs
  A ball python (D:3)
  6 giant cockroaches
  8 goblins
  10 hobgoblins
  4 jackals
  19 kobolds
  4 quokkas
  3 bats
  8 frilled lizards
  4 leopard gecko skeletons
  A quokka skeleton (D:6)
  11 rats
186 creatures vanquished.

Vanquished Creatures (others)
  A quokka (D:2)
1 creature vanquished.

Grand Total: 187 creatures vanquished

Notes
Turn   | Place    | Note
-------+----------+-------------------------------------------
     0 | D:1      | Jynx the Demonspawn Fire Elementalist began the quest for the Orb.
     0 | D:1      | Reached XP level 1. HP: 13/13 MP: 3/3
   293 | D:1      | Gained mutation: You are slightly more attuned to the shadows. [demonic ancestry]
   293 | D:1      | Reached XP level 2. HP: 14/19 MP: 0/5
   380 | D:1      | Reached skill level 3 in Fire Magic
   801 | D:1      | Gained mutation: Your movements are slightly less encumbered by armour. (ER -2) [demonic ancestry]
   801 | D:1      | Reached XP level 3. HP: 24/24 MP: 6/6
  1505 | D:2      | Found a white marble altar of Elyvilon.
  1848 | D:2      | Reached XP level 4. HP: 30/30 MP: 3/7
  1852 | D:2      | Noticed Sigmund
  2111 | D:2      | Found a stormy altar of Qazlal.
  2606 | D:2      | Found a sparkling altar of Nemelex Xobeh.
  2809 | D:3      | Noticed Grinder
  2814 | D:3      | Paralysed by Grinder for 4 turns
  2884 | D:3      | Paralysed by Grinder for 2 turns
  2887 | D:3      | Killed Grinder
  2887 | D:3      | Reached skill level 4 in Fire Magic
  2887 | D:3      | Gained mutation: You are significantly more attuned to the shadows. [demonic ancestry]
  2887 | D:3      | Reached XP level 5. HP: 25/35 MP: 2/9
  2887 | D:3      | Gained mutation: You are completely attuned to the shadows. [demonic ancestry]
  2887 | D:3      | Reached XP level 6. HP: 30/41 MP: 2/10
  3156 | D:3      | Found a glowing golden altar of the Shining One.
  3663 | D:2      | Learned a level 3 spell: Conjure Flame
  3668 | D:2      | Learned a level 4 spell: Sticky Flame
  4389 | D:4      | Noticed Boing's ghost (amateur SpEn)
  4399 | D:4      | Killed Boing's ghost
  4399 | D:4      | Reached skill level 1 in Short Blades
  4399 | D:4      | Gained mutation: You have a pair of small horns on your head. [demonic ancestry]
  4399 | D:4      | Reached XP level 7. HP: 44/46 MP: 1/11
  5111 | D:5      | Entered Level 5 of the Dungeon
  5313 | D:5      | Reached skill level 5 in Fire Magic
  5518 | D:5      | Found a hide-covered altar of Uskayaw.
  5596 | D:5      | Reached XP level 8. HP: 52/52 MP: 13/13
  5840 | D:5      | Found a snail-covered altar of Cheibriados.
  5840 | D:5      | Found an iron altar of Okawaru.
  5899 | D:5      | Found a staircase to the Ecumenical Temple.
  5909 | Temple   | Entered the Ecumenical Temple
  5944 | Temple   | Became a worshipper of Vehumet
  7245 | D:6      | Reached skill level 6 in Fire Magic
  7785 | D:7      | Gained mutation: Your movements are less encumbered by armour. (ER -4) [demonic ancestry]
  7785 | D:7      | Reached XP level 9. HP: 48/57 MP: 9/15
  7886 | D:7      | Reached * piety under Vehumet
  7886 | D:7      | Offered knowledge of Freeze by Vehumet.
  8065 | D:7      | Reached skill level 5 in Conjurations
  8122 | D:7      | Found a shattered altar of Ashenzari.
  8364 | D:7      | Reached skill level 5 in Stealth
  8451 | D:7      | Noticed Prince Ribbit
  8459 | D:7      | Killed Prince Ribbit
  8614 | D:7      | Reached skill level 7 in Fire Magic
  8695 | D:7      | Found a runed door.
  8699 | D:7      | Noticed Crazy Yiuf
  8706 | D:7      | Killed Crazy Yiuf
  8810 | D:7      | Reached skill level 5 in Dodging
  9328 | D:8      | Reached skill level 5 in Spellcasting
  9515 | D:8      | Reached ** piety under Vehumet
  9515 | D:8      | Offered knowledge of Throw Frost by Vehumet.
  9525 | D:8      | Mangled by a dream sheep

Skill      XL: |  1  2  3  4  5  6  7  8  9 |
---------------+----------------------------+-----
Fire Magic     | 3 4 5 6 7 |  7.6
Dodging        | 2 3 4 5 |  5.3
Stealth        | 2 3 4 5 |  5.8
Conjurations   | 2 3 4 5 |  5.7
Spellcasting   | 3 4 5 |  5.1
Short Blades   | 1 3 4 |  4.2

Action                   |  1- 3 |  4- 6 |  7- 9 || total
-------------------------+-------+-------+-------++-------
Melee: Unarmed           |    14 |       |       ||    14
       Dagger            |    75 |    98 |   342 ||   515
       Headbutt          |       |       |    48 ||    48
 Cast: Flame Tongue      |    55 |    44 |   152 ||   251
       Sticky Flame      |       |     1 |    18 ||    19
       Conjure Flame     |       |       |     4 ||     4
  Use: Scroll            |     5 |     6 |       ||    11
       Potion            |       |       |     1 ||     1
 Stab: Sleeping          |     6 |    20 |    33 ||    59
       Distracted        |       |     1 |       ||     1
  Eat: Chunk             |     4 |     8 |    16 ||    28
       Fruit             |       |       |     4 ||     4
Armor: Robe              |    21 |    21 |    97 ||   139
Dodge: Dodged            |    76 |    54 |   269 ||   399
